 Dungeon Crawl Stone Soup version 0.31-a0-344-gd109795599 (webtiles) character file.

Game seed: 10477761450306835788

286 Hajna the Skirmisher (level 6, 0/36 HPs)
             Began as a Deep Elf Hunter on July 22, 2023.
             Was an Initiate of Okawaru.
             Succumbed to a gnoll sergeant's poison
             ... on level 4 of the Dungeon.
             The game lasted 00:07:11 (3574 turns).

Hajna the Skirmisher (Deep Elf Hunter)              Turns: 3574, Time: 00:07:11

Health: 0/36       AC:  8    Str:  8    XL:     6   Next: 8%
Magic:  6/9        EV: 13    Int: 14    God:    Okawaru [......]
Gold:   226        SH:  0    Dex: 20    Spells: 5/7 levels left

rFire   . . .        a - +0 shortbow (drain)
rCold   . . .        (shield currently unavailable)
rNeg    . . .        k - +1 robe {Will+}
rPois   .            i - +2 hat
rElec   .            l - scarf {harm}
rCorr   .            (no gloves)
SInv    .            g - +2 pair of boots {rampage}
Will    +....        (no amulet)
Stlth   ++           (no ring)
HPRegen 0.26/turn    (no ring)
MPRegen 0.11/turn

%: harm (+30% outgoing, +20% incoming), rampage
@: lethally poisoned (0 -> -13)
A: no striking features
a: Renounce Religion


You were on level 4 of the Dungeon.
You worshipped Okawaru.
Okawaru was noncommittal.
You visited 1 branch of the dungeon, and saw 4 of its levels.

You collected 226 gold pieces.

Inventory:

Hand Weapons
 a - a +0 shortbow of draining (weapon)
Armour
 c - a +0 leather armour
 g - a +2 pair of boots of rampaging (worn)
 i - a +2 hat (worn)
 k - a +1 robe of willpower (worn)
 l - a scarf of harm (worn)
Scrolls
 b - a scroll of butterflies
 e - 2 scrolls of noise
 f - a scroll of vulnerability
Potions
 h - a potion of might {unknown}
 j - 3 potions of mutation
 m - a potion of heal wounds
 n - 2 potions of brilliance {unknown}
 p - a potion of attraction


   Skills:
 + Level 2.7 Fighting
 + Level 8.3 Ranged Weapons
 + Level 0.6 Armour
 + Level 2.9 Dodging
 + Level 1.4 Stealth
 + Level 1.2 Spellcasting
 + Level 0.4 Hexes
 + Level 0.5 Ice Magic


You had 5 spell levels left.
You knew the following spells:

 Your Spells              Type           Power      Damage    Failure   Level
a - Ensorcelled Hibernat  Hex/Ice        4%         N/A       32%         2

Your spell library contained the following spells:

 Spells                   Type           Power      Damage    Failure   Level
 Passwall                 Tmut/Erth      0%         N/A       36%         2
 Swiftness                Air            0%         N/A       61%         3
 Summon Small Mammal      Summ           Unusable   N/A       N/A         1
 Summon Guardian Golem    Hex/Summ       Unusable   N/A       N/A         3
 Call Canine Familiar     Summ           Unusable   N/A       N/A         3

Dungeon Overview and Level Annotations

Branches:
Dungeon (4/15)
 Temple: D:4-7

Altars:
Okawaru
Trog
Xom

Shops:
D:1 *

Annotations:
D:4 1 transporter, Turtleman12345's ghost, amateur DrSh


Message History

It is a scroll of enchant armour.
Your +0 pair of boots of rampaging glows green for a moment.
As you read the scroll of enchant armour, it crumbles to dust.
Your +1 pair of boots of rampaging glows green for a moment.
There is a transporter here.
You enter the transporter and appear at another place.
The gnoll resists with some effort.
The gnoll looks drowsy...
The gnoll sergeant misses you.
You shoot an arrow. The arrow hits the gnoll.
The gnoll shouts!
The gnoll is lightly wounded.
The gnoll hits you with a +0 flail.
The gnoll sergeant hits you from afar with a +3 trident of venom!
You shoot an arrow. The arrow closely misses the gnoll.
The arrow hits the gnoll sergeant but does no damage.
You drain the gnoll sergeant.
The gnoll sergeant is moderately wounded.
The gnoll sergeant hits you from afar with a +3 trident of venom.
You are poisoned.
You shoot an arrow. The arrow hits the gnoll.
You drain the gnoll.
The gnoll is heavily wounded.
You feel very sick. The gnoll misses you. The gnoll sergeant barely misses you.
You feel sick. The gnoll hits you but does no damage.
You feel sick.
There is an open translucent door here.
You are too injured to fight recklessly!
Okay, then.
You shoot an arrow. The arrow hits the gnoll.
The gnoll is severely wounded.
You feel sick. The gnoll closely misses you.
The gnoll sergeant hits you from afar with a +3 trident of venom.
* * * LOW HITPOINT WARNING * * *
You are lethally poisoned!
You feel better. The gnoll completely misses you.
The gnoll sergeant hits you from afar with a +3 trident of venom!
* * * LOW HITPOINT WARNING * * *
You are lethally poisoned!
The gnoll attacks as you move away! The gnoll closely misses you.
You die...

≈≈≈.≈..###.≈≈#..........g#≈≈..#
..§.≈..<...≈≈###.##'##.###≈≈..#
_.≈........≈≈..#.#...#.#..≈≈..#
..≈.≈......≈≈.##.#⌠.⌠#.##.≈≈..#
§≈≈.≈......≈≈.#..#...#.g#.≈≈..#
....≈.####.≈≈.##.##.##.##.≈≈..#
≈≈≈≈≈..# #.≈≈..#.#g..#.#......#
.......# #.~~.©#.'gg.g.#©.....#
#......# #.≈≈..#@#8g8#.#......#
#......# #.≈≈.##.#####.##.≈≈..#
#......# #.≈≈.#..# #..#.≈≈..#
#[.....# #.≈≈.##.#. #.##.≈≈..#
######.# #.≈≈..#.#g..#.#..≈≈..#
..# #.# #.≈≈###.##'##.###≈≈..#
..# #.# #.≈≈#....g..g..g#≈≈..#
..# #.###.≈≈##.###.###.##≈≈..#
### #..#..≈≈#.g#8###8#..#≈≈..#


You could see a gnoll sergeant (drained), a gnoll bouda and 3 gnolls.

Vanquished Creatures
  A hound (D:4)
  2 gnoll boudas
  Jessica (D:2)
  An adder (D:3)
  7 gnolls
  An ufetubus (D:3)
  A dart slug (D:3)
  3 orcs (D:3)
  7 ball pythons
  6 bats
  6 endoplasms
  8 giant cockroaches
  10 goblins
  4 hobgoblins
  8 quokkas
  2 frilled lizards
  5 kobolds
  21 rats
94 creatures vanquished.

Notes
Turn   | Place    | Note
-------+----------+-------------------------------------------
     0 | D:1      | Hajna the Deep Elf Hunter began the quest for the Orb.
     0 | D:1      | Reached XP level 1. HP: 12/12 MP: 3/3
   289 | D:1      | Reached XP level 2. HP: 16/16 MP: 4/4
   340 | D:1      | Reached skill level 6 in Ranged Weapons
   532 | D:1      | Found Xiraann Dehi's Assorted Antiques.
   754 | D:2      | Found an iron altar of Okawaru.
   765 | D:2      | Became a worshipper of Warmaster Okawaru
   783 | D:2      | Reached XP level 3. HP: 7/21 MP: 5/5
   794 | D:2      | Reached XP level 4. HP: 20/26 MP: 6/6
   803 | D:2      | Reached skill level 7 in Ranged Weapons
  1160 | D:2      | Noticed Jessica
  1168 | D:2      | Killed Jessica
  1561 | D:3      | Reached XP level 5. HP: 30/31 MP: 7/7
  1592 | D:3      | Learned a level 2 spell: Ensorcelled Hibernation
  1726 | D:3      | Found a bloodstained altar of Trog.
  2725 | D:4      | Found a shimmering altar of Xom.
  2784 | D:4      | Found a transporter.
  2790 | D:4      | Found a transporter.
  2814 | D:4      | Reached skill level 1 in Spellcasting
  2820 | D:4      | Reached skill level 8 in Ranged Weapons
  3072 | D:4      | Reached XP level 6. HP: 34/36 MP: 9/9
  3425 | D:4      | Noticed Turtleman12345's ghost (amateur DrSh)
  3574 | D:4      | Succumbed to a gnoll sergeant's poison

Illustrated notes

Levels and vault maps discovered:
D:1:      matt_arrival_grand_opening, layout_loops_ring, serial_shops,
          nicolae_shop_overgrown_old_shop
D:2:      layout_basic, basic_altar, uniq_jessica
D:3:      layout_basic, trog_antimagical
D:4:      layout_gridville, mainiacjoe_overflow_concentric_impassable,
          gammafunk_ghost_gnarly_gnolls, minmay_rat_hole

Skill      XL: |  1  2  3  4  5 |
---------------+----------------+-----
Ranged Weapons | 6 7 8 |  8.3
Fighting       | 2 |  2.7
Spellcasting   | 1 |  1.2
Armour         | |  0.6
Dodging        | |  2.9
Stealth        | |  1.4
Hexes          | |  0.4
Ice Magic      | |  0.5

Action                     |  1- 3 |  4- 6 || total
---------------------------+-------+-------++-------
   Fire: Shortbow          |    67 |   171 ||   238
   Cast: Ensorcelled Hiber |       |     9 ||     9
    Use: Potion            |     2 |     1 ||     3
         Scroll            |       |    11 ||    11
 Armour: Leather armour    |     4 |     1 ||     5
         Robe              |       |    16 ||    16
  Dodge: Dodged            |    19 |    45 ||    64

Table legend: (Time is in decaauts)
 A = Elapsed time spent in this place.
 B = Non-inter-level travel time spent in this place.
 C = Inter-level travel time spent in this place.
 D = Time resting spent in this place.
 E = Time spent auto-exploring this place.
 F = Levels seen in this place.
 G = Mean time per level.
                   A        B        C        D        E       F      G
               +--------+--------+--------+--------+--------+-----+--------+
         Total |   3587 |   3375 |    212 |      0 |   2855 |   4 |  896.8 |
       Dungeon |   3587 |   3375 |    212 |      0 |   2855 |   4 |  896.8 |
               +--------+--------+--------+--------+--------+-----+--------+

Top non-repeatable levels by time:
     D:3: 1198 daAuts
     D:4: 848 daAuts
     D:2: 779 daAuts
     D:1: 761 daAuts
